 Dungeon Crawl Stone Soup version 0.27.1-3-gb3d3a73c9e (webtiles) character file.

Game seed: 6088869427833850280

154 AZSletch the Conjurer (level 5, -5/42 HPs)
             Began as a Draconian Conjurer on Oct 8, 2021.
             Slain by Blork the orc (12 damage)
             ... on level 4 of the Dungeon.
             The game lasted 00:11:27 (4623 turns).

AZSletch the Conjurer (Draconian Conjurer)          Turns: 4623, Time: 00:11:27

Health: -5/42      AC:  6    Str: 11    XL:     5   Next: 13%
Magic:  1/9        EV: 12    Int: 18    God:
Gold:   131        SH:  0    Dex:  9    Spells: 7/10 levels left

rFire    . . .     SeeInvis .   q - +2 dagger (flame)
rCold    . . .     Faith    .   (no shield)
rNeg     . . .     Spirit   .   (armour unavailable)
rPois    .         Reflect  .   (helmet restricted)
rElec    .         Harm     .   (no cloak)
rCorr    .         Rampage  .   k - +0 pair of gloves
Will     .....                  (no boots)
Stlth    ++........             (no amulet)
HPRegen  0.14/turn              (no ring)
MPRegen  0.11/turn              (no ring)

@: no status effects
A: AC +5, unfitting armour, cold-blooded
a: no special abilities


You were on level 4 of the Dungeon.
You visited 1 branch of the dungeon, and saw 4 of its levels.

You collected 131 gold pieces.

Inventory:

Hand Weapons
 b - a +0 mace
 e - a +0 dagger
 q - a +2 dagger of flaming (weapon)
Missiles
 a - 84 sling bullets
Armour
 k - a +0 pair of gloves (worn)
 o - a +0 tower shield
Scrolls
 g - 3 scrolls of identify {unknown}
 j - a scroll of magic mapping {unknown}
 l - a scroll of vulnerability {unknown}
 n - a scroll of summoning {unknown}
 p - a scroll of fog {unknown}
Potions
 c - a potion of mutation {unknown}
 d - a potion of ambrosia {unknown}
 f - a potion of degeneration {unknown}
 h - 2 potions of resistance {unknown}
 i - a potion of brilliance {unknown}
 m - a potion of curing {unknown}


   Skills:
 + Level 2.4 Fighting
 + Level 2.9 Dodging
 - Level 1.7 Stealth
 + Level 3.0 Spellcasting
 + Level 4.6 Conjurations


You had 7 spell levels left.
You knew the following spells:

 Your Spells              Type           Power      Damage    Failure   Level
a - Magic Dart            Conj           76%        1d6       2%          1
b - Searing Ray           Conj           38%        3d4       3%          2

Your spell library contained the following spells:

 Spells                   Type           Power      Damage    Failure   Level
 Summon Small Mammal      Summ           8%         N/A       16%         1
 Dazzling Flash           Conj/Hex       22%        N/A       19%         3
 Call Canine Familiar     Summ           2%         N/A       43%         3
 Summon Guardian Golem    Hex/Summ       2%         N/A       43%         3
 Fulminant Prism          Conj/Hex       5%         3d7       52%         4
 Iskenderun's Mystic Bla  Conj/Tloc      11%        2d4       52%         4
 Petrify                  Tmut/Erth      2%         N/A       85%         4
 Metabolic Englaciation   Hex/Ice        1%         N/A       99%         5
 Statue Form              Tmut/Erth      1%         N/A       100%        6
 Chain Lightning          Conj/Air       5%         3d7       100%        9
 Fire Storm               Conj/Fire      5%         8d2       100%        9


Dungeon Overview and Level Annotations

Branches:
Dungeon (4/15)
 Temple: D:4-7

Altars:
Elyvilon
Qazlal
Sif Muna
Yredelemnul

Annotations:
D:4 Blork the orc, Eustachio


Innate Abilities, Weirdness & Mutations

Your plain brown scales are hard. (AC +5)
You cannot fit into any form of body armour.
You are cold-blooded and may be slowed by cold attacks.


Message History

Aiming: Searing Ray (safe; 3% risk of failure)
Press: ? - help, Shift-Dir - straight line, f - Blork the orc
Aim: Blork the orc, wielding a +0 dire flail and wearing a +0 robe (moderately wounded, fast, 81% to hit)
The searing ray misses Blork the orc. (Press . to maintain the ray.) Blork the orc barely misses you. x2
The searing ray hits Blork the orc.
Blork the orc is heavily wounded.
Blork the orc closely misses you.
The searing ray hits Blork the orc!
Blork the orc is severely wounded.
Blork the orc gestures at you while chanting.
The puff of flame hits you. Blork the orc completely misses you.
The searing ray misses Blork the orc.
You finish channeling your searing ray.
Blork the orc begins to cast a cantrip, but forgets the words!
Casting: Searing Ray (safe; 3% risk of failure)
Confirm with . or Enter, or press ? or * to list all spells.
Aiming: Magic Dart (safe; 2% risk of failure)
Press: ? - help, Shift-Dir - straight line, f/p - Blork the orc
Aim: Blork the orc, wielding a +0 dire flail and wearing a +0 robe (severely wounded, fast, 100% to hit)
The magic dart hits Blork the orc.
Blork the orc is severely wounded.
Blork the orc hits you with a +0 dire flail.
* * * LOW HITPOINT WARNING * * *
Blork the orc gestures at you while chanting.
The puff of frost hits you.
* * * LOW HITPOINT WARNING * * *
Casting: Magic Dart (safe; 2% risk of failure)
Confirm with . or Enter, or press ? or * to list all spells.
Aiming: Magic Dart (safe; 2% risk of failure)
Press: ? - help, Shift-Dir - straight line, f/p - Blork the orc
Aim: Blork the orc, wielding a +0 dire flail and wearing a +0 robe (severely wounded, fast, 100% to hit)
The magic dart hits Blork the orc but does no damage.
Blork the orc is severely wounded.
Blork the orc closely misses you.
You hit Blork the orc. You burn Blork the orc.
You tail-slap Blork the orc, but do no damage.
Blork the orc is severely wounded.
Blork the orc hits you with a +0 dire flail!
You die...

###.............#
#.......... .............#
##......... .)..........##
#......... .............#
#........#
♣..............#
##........
.♣..............#
##.....##.
................###..#.###
♣.............###..#### ♣
#.....♣♣♣.♣...@o..## #
#....♣.P.♣..###..#
####....♣...♣.## ##.##
...........P♣.# #..#
###.....♣♣.♣♣## ##.### #
#.#.......# #...## #
#........## ##...##
#.......## ###....##
#..###### ##.......###


You could see Blork the orc (fast).

Vanquished Creatures
  3 orc wizards (D:4)
  4 adders
  An ufetubus (D:4)
  An adder skeleton (D:3)
  A worm (D:2)
  A dart slug (D:1)
  3 orcs (D:3)
  7 ball pythons
  6 endoplasms
  2 giant cockroaches (D:1)
  3 hobgoblins
  3 jackals (D:1)
  A quokka (D:4)
  4 bats
  4 frilled lizards (D:1)
  3 goblins
  2 kobolds
  4 rats
53 creatures vanquished.

Notes
Turn   | Place    | Note
-------+----------+-------------------------------------------
     0 | D:1      | AZSletch the Draconian Conjurer began the quest for the
                  | Orb.
     0 | D:1      | Reached XP level 1. HP: 14/14 MP: 3/3
   496 | D:1      | Reached XP level 2. HP: 22/22 MP: 3/5
   499 | D:1      | Learned a level 2 spell: Searing Ray
   529 | D:1      | Reached skill level 1 in Fighting
  1027 | D:1      | Found a faded altar of an unknown god.
  1422 | D:2      | Reached XP level 3. HP: 28/28 MP: 3/6
  2363 | D:3      | Found a stormy altar of Qazlal.
  2423 | D:3      | Found a white marble altar of Elyvilon.
  3126 | D:3      | Reached XP level 4. HP: 36/36 MP: 2/7
  3298 | D:4      | Noticed Eustachio
  3365 | D:4      | Found a basalt altar of Yredelemnul.
  3513 | D:4      | Found a shimmering blue altar of Sif Muna.
  4375 | D:3      | Reached XP level 5. HP: 42/42 MP: 4/9
  4594 | D:4      | Noticed Blork the orc
  4623 | D:4      | Slain by Blork the orc

Illustrated notes

Levels and vault maps discovered:
D:1:      elethiomel_arrival_maze, layout_loops_corners,
          ebering_ecumenical_altar_webs
D:2:      layout_loops_ring
D:3:      layout_basic, mainiacjoe_overflow_brackets,
          mainiacjoe_overflow_tiny_flanked, serial_aquarium,
          aquarium_bridge_square [aquarium_subvault_wall,
          aquarium_subvault_bridge, aquarium_subvault_bridge,
          aquarium_subvault_window], aquarium_window_fake,
          aquarium_window_corridor_3, aquarium_view_2e, aquarium_view_2e
D:4:      layout_cave_pods, tgw_sif, mainiacjoe_overflow_alcove_2,
          serial_forest, infiniplex_forest_straight_3,
          infiniplex_forest_end_double, infiniplex_forest_diagonal,
          infiniplex_forest_straight_4, infiniplex_forest_corner_1,
          infiniplex_forest_end_2, infiniplex_forest_straight_4, uniq_eustachio,
          uniq_blork_the_orc

Skill      XL: |  1  2  3  4  5 |
---------------+----------------+-----
Dodging        | 2 |  2.9
Fighting       | 1 2 |  2.4
Spellcasting   | 3 |  3.0
Stealth        | |  1.7
Conjurations   | |  4.6

Action                   |  1- 3 |  4- 6 || total
-------------------------+-------+-------++-------
Melee: Tailslap          |     3 |     5 ||     8
       Unarmed           |     1 |       ||     1
       Mace              |    37 |    15 ||    52
       Dagger            |       |    32 ||    32
 Cast: Magic Dart        |    69 |    41 ||   110
       Searing Ray       |     2 |     1 ||     3
Armor: Skin              |    20 |    29 ||    49
Dodge: Dodged            |    35 |    50 ||    85
